 Dungeon Crawl Stone Soup version 0.23-a0-644-gb60d84b (webtiles) character file.

11269 Borgoz the Cleaver (level 11, -1/71 HPs)
             Began as a Gargoyle Abyssal Knight on Jan 1, 2019.
             Was a High Priest of Lugonu.
             Slain by an acid dragon (5 damage)
             ... on level 11 of the Dungeon.
             The game lasted 00:34:39 (14992 turns).

Borgoz the Cleaver (Gargoyle Abyssal Knight)       Turns: 14992, Time: 00:34:40

Health: -1/71      AC:  6    Str: 16      XL:     11   Next: 75%
Magic:  0/17       EV: 13    Int: 13      God:    Lugonu [*****.]
Gold:   297        SH:  0    Dex: 11 (12) Spells: 10/10 levels left

rFire    . . .     SeeInvis +   a - +3 hand axe
rCold    . . .     Gourm    .   (no shield)
rNeg     + . .     Faith    .   E - +3 chain mail
rPois    ∞         Spirit   +   (no helmet)
rElec    +         Reflect  .   l - scarf {Spirit}
rCorr    .         Harm     .   (no gloves)
MR       .....                  (no boots)
Stlth    ..........             B - amulet of regeneration
HPRegen  0.61/turn              n - ring of see invisible
MPRegen  0.15/turn              w - +4 ring of evasion

@: corroded
A: negative energy resistance 1, electricity resistance, unbreathing,
petrification resistance, rot immunity, AC +8
a: Depart the Abyss, Bend Space, Banish, Corrupt, Enter the Abyss, Renounce
Religion


You were on level 11 of the Dungeon.
You worshipped Lugonu.
Lugonu was extremely pleased with you.
You were hungry.

You visited 2 branches of the dungeon, and saw 13 of its levels.
You visited the Abyss 1 time.

You collected 701 gold pieces.
You spent 404 gold pieces at shops.

Inventory:

Hand Weapons
 a - a +3 hand axe (weapon)
 g - a +2 whip of flaming
 k - a +5 scimitar of protection
 y - a +1 long sword of electrocution
Missiles
 h - 12 tomahawks (quivered)
Armour
 l - a scarf of spirit shield (worn)
 q - a +0 troll leather armour
 E - a +3 chain mail (worn)
Magical Staves
 b - an uncursed staff of fire
Jewellery
 d - an uncursed amulet of magic regeneration
 n - a ring of see invisible (left hand)
 w - a +4 ring of evasion (right hand)
 B - an amulet of regeneration (around neck)
 D - a +2 amulet of reflection
 I - an uncursed ring of magical power
Wands
 u - a wand of enslavement (7)
 C - a wand of clouds (4)
 G - a wand of flame (13)
Scrolls
 e - 2 scrolls of immolation
 f - 4 scrolls of teleportation
 i - 5 scrolls of magic mapping
 m - 10 scrolls of remove curse
 p - 5 scrolls of amnesia
 r - 2 scrolls of fear {unknown}
 s - 2 scrolls of identify
 t - 3 scrolls of enchant armour
 v - 2 scrolls of noise {unknown}
 x - 2 scrolls of fog
 A - a scroll of torment {unknown}
 H - a scroll of enchant weapon {unknown}
Potions
 j - 2 potions of brilliance
 o - a potion of flight
Comestibles
 c - 23 rations
 z - 4 chunks of flesh


   Skills:
 + Level 9.1 Fighting
 + Level 9.5 Axes
 + Level 8.7 Armour
 + Level 6.3 Dodging
 + Level 8.7 Invocations


You had 10 spell levels left.
You didn't know any spells.
Your spell library contained the following spells:

 Spells                   Type           Power        Failure   Level  Hunger
 Animate Skeleton         Necr           N/A          98%         1    ##.....
 Pain                     Necr           #...         98%         1    ##.....
 Regeneration             Chrm/Necr      #.........   100%        3    ####...
 Vampiric Draining        Necr           #.........   100%        3    ####...
 Animate Dead             Necr           N/A          100%        4    #####..


Dungeon Overview and Level Annotations

Branches:
Dungeon (12/15)            Temple (1/1) D:6            Lair (0/6) D:9
    Orc (0/2) D:9

Altars:
Ashenzari
Cheibriados
Dithmenos
Elyvilon
Fedhas
Gozag
Hepliaklqana
Kikubaaqudgha
Makhleb
Nemelex Xobeh
Okawaru
Qazlal
Ru
Sif Muna
Trog
Uskayaw
Vehumet
Wu Jian
Xom
Yredelemnul
Zin
The Shining One

Shops:
D:7 *   D:10 ?[=(!

Annotations:
D:4 Edmund


Innate Abilities, Weirdness & Mutations

You are resistant to torment.
Your stone body is resilient. (AC +8)
You are immune to poison.
You resist negative energy. (rN+)
You are resistant to electric shocks. (rElec)
You can survive without breathing.
You are immune to petrification.
You are immune to rotting.


Message History

The howler monkey hits you but does no damage.
Your chain mail prevents you from hitting the acid dragon.
The acid dragon is almost dead.
You hit the howler monkey but do no damage.
The howler monkey misses you. The acid dragon closely misses you.
The acid dragon claws you but does no damage.
You hit the acid dragon but do no damage.
The acid dragon is almost dead.
You barely miss the howler monkey. The howler monkey closely misses you.
You barely miss the acid dragon.
The acid dragon is almost dead.
You closely miss the howler monkey. The acid dragon spits acid at you.
The splash of acid misses you. The howler monkey misses you.
You hear a shout!
You are feeling hungry.
You hit the acid dragon but do no damage.
The acid dragon is almost dead.
You hit the howler monkey. The acid dragon bites you!
You die...

##..#.....$.uo.5#
#...#)......#5h.#
###...##[?...##.T.#
###....####!.)# #...# .
#....#..####### #...# .D
#.............####..§#..S
#......#.#......##...'...
###....hD##.....##...#T..
.#...>.@##......#...##5.
........####........# #.
.........############# #
........)...........#
...................#
........##....#.....
#.#....###.[..#....#
#.#.....#..........#
##........[.#.....#


You could see an acid dragon and a howler monkey.

Vanquished Creatures
  Pikel (D:4)
  2 komodo dragons (D:9)
  A gargoyle (D:10)
  3 trolls
  2 hornets (D:8)
  Sigmund (D:2)
  2 wyverns (D:9)
  A soldier ant (D:8)
  A swamp drake (D:9)
  2 black bears
  5 sky beasts
  3 ice beasts
  4 slaves
  4 orc warriors
  9 ogres
  4 phantoms
  An eye of draining (D:10)
  2 necrophages
  3 centaurs
  A crocodile (D:9)
  Blork the orc (D:4)
  6 big kobolds
  8 bullfrogs
  A wyvern zombie (D:8)
  6 gnoll sergeants
  A wyvern skeleton (D:8)
  An electric eel (D:11)
  11 wights
  6 howler monkeys
  9 crimson imps
  A quasit (D:11)
  2 bullfrog zombies
  A centaur zombie (D:11)
  5 hounds
  2 jellies (D:6)
  2 bullfrog skeletons
  5 human zombies (D:8)
  5 orc priests
  An iron imp (D:8)
  3 orc wizards
  5 iguanas
  8 worker ants
  A killer bee zombie (D:8)
  A hound skeleton (D:7)
  4 mummies (D:8)
  A worker ant zombie (D:8)
  13 gnolls
  18 adders
  A shadow imp (D:8)
  An ooze (D:1)
  4 worms
  A dart slug (D:3)
  4 leopard geckos
  41 orcs
  8 bats
  7 giant cockroaches
  2 goblins
  8 hobgoblins
  9 jackals
  6 quokkas
  3 ball pythons
  5 frilled lizards
  2 jackal skeletons
  27 kobolds
  A leopard gecko skeleton (D:8)
  A leopard gecko zombie (D:6)
  A quokka skeleton (D:9)
  8 rats
  8 plants (D:5)
328 creatures vanquished.

Vanquished Creatures (others)
  3 two-headed ogres
  An ugly thing (D:11)
  An orc knight (D:11)
  An ogre (D:6)
  A crimson imp (D:5)
  6 plants (D:5)
13 creatures vanquished.

Grand Total: 341 creatures vanquished

Notes
Turn   | Place    | Note
-------+----------+-------------------------------------------
     0 | Abyss:1  | Borgoz the Gargoyle Abyssal Knight began the quest for the
                  | Orb.
     0 | Abyss:1  | Reached XP level 1. HP: 14/14 MP: 2/2
    41 | Abyss:1  | Noticed a small abomination
    56 | Abyss:1  | Noticed a fire bat
    58 | D:1      | Escaped the Abyss
   327 | D:1      | Reached XP level 2. HP: 17/19 MP: 3/3
   350 | D:1      | Reached skill level 1 in Dodging
   687 | D:1      | Reached * piety under Lugonu
   874 | D:2      | Noticed a phantom
   884 | D:1      | Reached XP level 3. HP: 22/23 MP: 4/4
  1704 | D:2      | Reached XP level 4. HP: 28/29 MP: 5/5
  1839 | D:3      | Reached ** piety under Lugonu
  2016 | D:2      | Killed a phantom
  2016 | D:2      | Reached XP level 5. HP: 6/33 MP: 7/7
  2438 | D:2      | Noticed Sigmund
  2459 | D:2      | Killed Sigmund
  2459 | D:2      | Reached XP level 6. HP: 10/39 MP: 8/8
  2698 | D:2      | Found an opulent altar of Gozag.
  3124 | D:3      | Found a stormy altar of Qazlal.
  3404 | D:4      | Noticed Edmund
  3507 | D:4      | Reached XP level 7. HP: 36/44 MP: 9/9
  3584 | D:4      | Noticed a troll
  3695 | D:4      | Found a shadowy altar of Dithmenos.
  3848 | D:5      | Entered Level 5 of the Dungeon
  4144 | D:4      | Noticed Pikel
  4267 | D:4      | Killed Pikel
  4267 | D:4      | Reached skill level 5 in Fighting
  4267 | D:4      | Reached skill level 5 in Axes
  4267 | D:4      | Reached XP level 8. HP: 21/49 MP: 9/11
  4546 | D:4      | Noticed Blork the orc
  4584 | D:4      | Killed Blork the orc
  5575 | D:5      | Reached *** piety under Lugonu
  5905 | D:5      | Reached skill level 5 in Armour
  6049 | D:5      | Reached skill level 5 in Invocations
  6076 | D:5      | HP: 3/76 [ogre/+0 giant spiked club (11)]
  6086 | D:5      | Reached XP level 9. HP: 4/55 MP: 12/12
  7193 | D:5      | Reached **** piety under Lugonu
  7508 | D:5      | Found an ornate altar of the Wu Jian Council.
  7508 | D:5      | Found a sparkling altar of Nemelex Xobeh.
  8061 | D:6      | Found a shattered altar of Ashenzari.
  8115 | D:6      | Found a staircase to the Ecumenical Temple.
  8124 | Temple   | Entered the Ecumenical Temple
  9023 | D:6      | Found an iron altar of Okawaru.
  9700 | D:7      | Found Tifauto's Assorted Antiques.
  9816 | D:7      | Bought a cabochon ring for 120 gold pieces
  9816 | D:7      | Bought an encrusted agate ring for 120 gold pieces
  9936 | D:7      | Found a deep blue altar of Sif Muna.
 10047 | D:8      | Reached XP level 10. HP: 41/63 MP: 9/14
 10265 | D:8      | Reached ***** piety under Lugonu
 10288 | D:8      | Found a snail-covered altar of Cheibriados.
 10668 | D:8      | Noticed a two-headed ogre
 10669 | D:8      | Banished a two-headed ogre
 11091 | D:8      | Reached skill level 5 in Dodging
 11153 | D:8      | Found a basalt altar of Yredelemnul.
 11720 | D:9      | Found a staircase to the Orcish Mines.
 12522 | D:9      | Reached XP level 11. HP: 18/68 MP: 5/16
 13136 | D:9      | Found a staircase to the Lair.
 13273 | D:9      | Found a burning altar of Makhleb.
 13414 | D:10     | Entered Level 10 of the Dungeon
 13651 | D:10     | Found Reitt's Jewellery Shoppe.
 13694 | D:10     | Found Umpoesyk's Weapon Emporium.
 13882 | D:10     | Found Huoruvog's Antique Armour Shop.
 13916 | D:10     | Found Ama Vyll's Magic Scroll Boutique.
 13924 | D:10     | Bought a scroll of identify for 24 gold pieces
 13924 | D:10     | Bought a scroll of teleportation for 36 gold pieces
 14069 | D:10     | Found Kixkoudue's Distillery.
 14081 | D:10     | Bought a potion of heal wounds for 65 gold pieces
 14081 | D:10     | Bought a potion of curing for 39 gold pieces
 14528 | D:11     | Noticed an orc knight
 14532 | D:11     | Banished an orc knight
 14549 | D:11     | Noticed a brown ugly thing
 14618 | D:11     | Noticed a two-headed ogre
 14624 | D:11     | Banished a two-headed ogre
 14679 | D:11     | Noticed a two-headed ogre
 14686 | D:11     | Banished a two-headed ogre
 14914 | D:11     | Noticed a brown ugly thing
 14920 | D:11     | Banished a brown ugly thing
 14988 | D:11     | HP: 2/71 [acid dragon (4)]
 14992 | D:11     | Slain by an acid dragon

Vault maps used:
D:1:      shiori_arrival_maze
D:2:      grunt_gozag_breadcrumbs, chequers_serial_rivers_micro_a, uniq_sigmund
D:3:      grunt_qazlal_sundering
D:4:      nicolae_dithmenos_the_darkroom, serial_bayou_pond_d,
          uniq_blork_the_orc, uniq_edmund, uniq_pikel
D:5:      kennysheep_kobold_camp, gammafunk_temple_overflow_wave, first_ration
D:6:      lemuel_round_altar, okawaru_trees_1, minmay_temple_entry_stoned_glass
D:7:      led_sif_pool, serial_shops, shop_coins
D:8:      lemuel_mausoleum_altar_yredelemnul, slow_altar_1, minmay_fountain_box,
          hangedman_pestilent_swarm, hangedman_decor_growths
D:9:      makhleb_grotto_becter, erik_lair_dragon,
          kennysheep_orc_monster_closet_entryway
D:10:     serial_shops, nicolae_shop_crystal, shop_statue, kennysheep_mini_moat,
          shop_fountains, nicolae_shop_trees
D:11:     minmay_opposing_rooms, serial_bayou_lagoon_a
Temple:   minmay_temple_curvy_loop

Skill      XL: |  1  2  3  4  5  6  7  8  9 10 11 |
---------------+----------------------------------+-----
Axes           | 2 3 4 5 6 7 8 9 |  9.5
Dodging        | 1 2 3 4 5 6 |  6.3
Fighting       | 4 5 7 8 9 |  9.1
Armour         | 3 4 5 6 7 8 |  8.7
Invocations    | 3 4 5 6 7 8 |  8.7

Action                   |  1- 3 |  4- 6 |  7- 9 | 10-12 || total
-------------------------+-------+-------+-------+-------++-------
Melee: Hand axe          |    82 |   232 |   923 |  1009 ||  2246
Invok: Depart the Abyss  |     1 |       |       |       ||     1
       Banish            |       |       |     2 |     9 ||    11
Evoke: Wand              |       |       |     1 |     1 ||     2
  Use: Potion            |       |     3 |    10 |     9 ||    22
       Scroll            |       |       |     9 |     7 ||    16
  Eat: Chunk             |     3 |     6 |    15 |    17 ||    41
       Ration            |       |       |     2 |     1 ||     3
Armor: Leather armour    |    13 |       |       |       ||    13
       Chain mail        |    47 |   130 |       |   142 ||   319
       Scale mail        |       |    44 |   367 |   222 ||   633
       Skin              |       |       |    66 |     4 ||    70
Dodge: Dodged            |    35 |   109 |   390 |   699 ||  1233
Block: Other             |       |       |       |    14 ||    14
       Reflection        |       |       |       |     2 ||     2

Table legend:
 A = Non-vault XP
 B = Vault XP
 C = Vault XP percentage of total XP
 D = Non-vault monster count
 E = Vault monster count
 F = Vault count percentage of total count
                 A         B        C        D         E       F
            +---------+---------+-------+---------+---------+-------
      Total |   10477 |    5622 |  34.9 |     248 |      75 |  23.2
            +---------+---------+-------+---------+---------+-------
        D:1 |      47 |       3 |   6.0 |      16 |       2 |  11.1
        D:2 |     252 |     227 |  47.4 |      26 |       1 |   3.7
        D:3 |      56 |       0 |   0.0 |      22 |       0 |   0.0
        D:4 |      94 |     671 |  87.7 |       9 |       2 |  18.2
        D:5 |    1382 |     124 |   8.2 |      33 |      21 |  38.9
        D:6 |    1190 |       0 |   0.0 |      27 |       0 |   0.0
        D:7 |     430 |       0 |   0.0 |       9 |       0 |   0.0
        D:8 |    1704 |    1272 |  42.7 |      31 |      17 |  35.4
        D:9 |     391 |    2775 |  87.7 |      13 |      27 |  67.5
       D:10 |    2423 |       0 |   0.0 |      40 |       0 |   0.0
       D:11 |    2476 |     550 |  18.2 |      21 |       5 |  19.2
       D:12 |      32 |       0 |   0.0 |       1 |       0 |   0.0
            +---------+---------+-------+---------+---------+-------
